 Dungeon Crawl Stone Soup version 0.29.1-15-g9cfb28693d (webtiles) character file.

Game seed: 17660918865316121136

847 DemonSlayer the Digger (level 7, 0/51 HPs)
             Began as a Demonspawn Earth Elementalist on Feb 27, 2023.
             Slain by a steam dragon (4 damage)
             ... on level 6 of the Dungeon.
             The game lasted 00:07:57 (6029 turns).

DemonSlayer the Digger (DsEE)                       Turns: 6029, Time: 00:07:58

Health: 0/51       AC:  6    Str: 11    XL:     7   Next: 68%
Magic:  9/13       EV: 10    Int: 20    God:
Gold:   336        SH:  5    Dex: 13    Spells: 2/14 levels left

rFire   . . .      SeeInvis .   a - +0 sling
rCold   + . .      Faith    .   (no shield)
rNeg    . . .      Spirit   .   b - +1 ring mail of Love and Death {Int+4}
rPois   .          Reflect  +   (helmet restricted)
rElec   .          Harm     .   (no cloak)
rCorr   .          Rampage  .   (no gloves)
Will    .....                   (no boots)
Stlth   +.........              u - amulet of reflection
HPRegen 0.17/turn               l - ring of protection from cold
MPRegen 0.13/turn               (no ring)

@: very slightly contaminated
A: antennae 2, hooves 1
a: no special abilities


You were on level 6 of the Dungeon.
You visited 2 branches of the dungeon, and saw 7 of its levels.

You collected 336 gold pieces.

Inventory:

Hand Weapons
 a - a +0 sling (weapon)
Armour
 b - the +1 ring mail of Love and Death (worn) {Int+4}
   (You found it on level 2 of the Dungeon)

   Int:       It affects your intelligence (+4).
 o - a +2 leather armour of cold resistance
Jewellery
 l - a ring of protection from cold (left hand)
 u - an amulet of reflection (around neck)
Wands
 r - a wand of flame (11)
Scrolls
 c - 2 scrolls of amnesia {unknown}
 e - a scroll of summoning {unknown}
 f - 2 scrolls of blinking
 h - a scroll of vulnerability {unknown}
 m - a scroll of butterflies
 n - a scroll of poison {unknown}
 p - 2 scrolls of immolation {unknown}
 q - 3 scrolls of teleportation
 t - a scroll of silence {unknown}
Potions
 d - a potion of degeneration {unknown}
 g - a potion of might
 i - 2 potions of heal wounds {unknown}
 j - 2 potions of mutation
 k - 2 potions of curing {unknown}
 s - a potion of haste
 v - a potion of flight {unknown}
 x - a potion of brilliance {unknown}


   Skills:
 + Level 2.8 Fighting
 + Level 3.7 Ranged Weapons
 + Level 1.9 Armour
 + Level 2.2 Dodging
 + Level 2.2 Stealth
 + Level 0.1 Shields
 + Level 4.4 Spellcasting
 + Level 0.8 Transmutations
 + Level 4.4 Earth Magic


You had 2 spell levels left.
You knew the following spells:

 Your Spells              Type           Power      Damage    Failure   Level
a - Sandblast             Erth           44%        2d11      4%          1
b - Passwall              Tmut/Erth      12%        N/A       14%         2
c - Stone Arrow           Conj/Erth      26%        3d8       34%         3
d - Blink                 Tloc           8%         N/A       41%         2
e - Petrify               Tmut/Erth      15%        N/A       67%         4

Your spell library contained the following spells:

 Spells                   Type           Power      Damage    Failure   Level
 Manifold Assault         Tloc           4%         N/A       100%        5
 Storm Form               Tmut/Air       3%         N/A       100%        7


Dungeon Overview and Level Annotations

Branches:
Dungeon (6/15)             Temple (1/1) D:4

Altars:
Ashenzari
Fedhas
Gozag
Kikubaaqudgha
Makhleb
Uskayaw
Xom
Yredelemnul

Shops:
D:1 [


Innate Abilities, Weirdness & Mutations

You have a pair of antennae on your head.
You have large cloven feet.


Message History

You hear an angry hiss.
You shoot a sling bullet.
The sling bullet hits the steam dragon but does no damage.
The steam dragon is lightly wounded.
The steam dragon breathes steam at you. The ball of steam misses you.
You are engulfed in a cloud of scalding steam.
The blast of sand hits the steam dragon.
The steam dragon is lightly wounded.
The steam dragon breathes steam at you. The ball of steam hits you!!
You are too injured to fight recklessly!
Casting: Sandblast (safe; 4% risk of failure)
Confirm with . or Enter, or press ? or * to list all spells.
Aiming: Sandblast (safe; 4% risk of failure)
Press: ? - help, Shift-Dir - straight line, f/p - steam dragon
Aim: a steam dragon (steam, lightly wounded, catching its breath, 83% to hit)
You miscast Sandblast.
You are very lightly contaminated with residual magic.
Nothing appears to happen.
The steam dragon barely misses you. The steam dragon claws you.
Casting: Sandblast (safe; 4% risk of failure)
Confirm with . or Enter, or press ? or * to list all spells.
Aiming: Sandblast (safe; 4% risk of failure)
Press: ? - help, Shift-Dir - straight line, f/p - steam dragon
Aim: a steam dragon (lightly wounded, catching its breath, 83% to hit)
The blast of sand hits the steam dragon.
The steam dragon is moderately wounded.
The steam dragon bites you.
The steam dragon claws you but does no damage.
Casting: Sandblast (safe; 4% risk of failure)
Confirm with . or Enter, or press ? or * to list all spells.
Aiming: Sandblast (safe; 4% risk of failure)
Press: ? - help, Shift-Dir - straight line, f/p - steam dragon
Aim: a steam dragon (moderately wounded, catching its breath, 83% to hit)
The blast of sand misses the steam dragon.
You are engulfed in a cloud of scalding steam.
* * * LOW HITPOINT WARNING * * *
The steam dragon bites you.
You die...

# #.# ... ..#
#..####### .^.
#........# #.D
#....§...# #.# .
#....§.@.# #{# ##..
##......D.# #§###.....
..........###D....##..
...........§..........
#...........####..###..
...........# ..... #.
..........## ##.....
#..###..###.### .....
#..#...####.######.
....


You could see a steam dragon (catching breath).

Vanquished Creatures
  An ice beast (D:5)
  An ogre (D:4)
  A phantom (D:5)
  A bullfrog (D:3)
  A scorpion (D:6)
  2 howler monkeys
  3 hounds (D:5)
  2 iguanas
  Natasha (twice) (D:4)
  4 gnolls (D:5)
  8 adders
  A white imp (D:6)
  2 worms (D:2)
  3 dart slugs
  5 orcs
  3 ball pythons
  6 endoplasms
  6 goblins
  5 hobgoblins
  5 jackals (D:1)
  4 quokkas
  2 bats
  3 frilled lizards
  10 kobolds
  6 rats
87 creatures vanquished.

Notes
Turn   | Place    | Note
-------+----------+-------------------------------------------
     0 | D:1      | DemonSlayer the Demonspawn Earth Elementalist began the
                  | quest for the Orb.
     0 | D:1      | Reached XP level 1. HP: 13/13 MP: 3/3
    31 | D:1      | Found Qaonykh's Armour Shop.
    50 | D:1      | You fall into a shaft and drop 1 floor!
   328 | D:2      | Identified the +1 ring mail of Love and Death {Int+4}
   383 | D:2      | Discovered your monstrous ancestry.
   383 | D:2      | Gained mutation: You have a pair of small antennae on your
                  | head. [demonic ancestry]
   383 | D:2      | Reached XP level 2. HP: 19/19 MP: 0/5
   506 | D:2      | Reached XP level 3. HP: 13/24 MP: 0/6
   703 | D:2      | Found a faded altar of an unknown god.
   752 | D:2      | Reached skill level 1 in Fighting
   925 | D:2      | Reached skill level 1 in Ranged Weapons
  1376 | D:2      | Learned a level 2 spell: Passwall
  1380 | D:2      | Learned a level 3 spell: Stone Arrow
  1521 | D:1      | Reached XP level 4. HP: 27/32 MP: 5/7
  2317 | D:3      | Found a basalt altar of Yredelemnul.
  2474 | D:3      | Found an opulent altar of Gozag.
  2790 | D:3      | Noticed a bullfrog
  2797 | D:3      | Killed a bullfrog
  2798 | D:3      | Gained mutation: You have a pair of antennae on your head.
                  | [demonic ancestry]
  2798 | D:3      | Reached XP level 5. HP: 25/38 MP: 5/9
  3396 | D:4      | Noticed Natasha
  3404 | D:4      | Killed Natasha
  3751 | D:4      | Reached skill level 1 in Armour
  3766 | D:4      | Reached XP level 6. HP: 39/44 MP: 5/10
  3844 | D:4      | Found a staircase to the Ecumenical Temple.
  3932 | Temple   | Entered the Ecumenical Temple
  4064 | D:4      | Noticed Natasha
  4068 | D:4      | Killed Natasha
  4687 | D:4      | Learned a level 2 spell: Blink
  4853 | D:5      | Entered Level 5 of the Dungeon
  4996 | D:5      | Gained mutation: You have large cloven feet. [demonic
                  | ancestry]
  4996 | D:5      | Reached XP level 7. HP: 47/51 MP: 7/12
  5167 | D:5      | Learned a level 4 spell: Petrify
  5634 | D:5      | Found a broken altar of Ashenzari.
  5697 | D:5      | Found a blossoming altar of Fedhas.
  6009 | D:6      | Noticed a steam dragon
  6029 | D:6      | Slain by a steam dragon

Illustrated notes

Levels and vault maps discovered:
D:1:      mrwooster_arrival_arrow, layout_loops_ring, serial_shops,
          shop_fountains
D:2:      layout_loops_cross, shapermc_ecumenical_altar_petra
D:3:      layout_loops_ring, general_overflow_altar,
          mainiacjoe_overflow_alcove_4, nrook_loot_triangle
D:4:      layout_layer_cave, minmay_temple_entry_statues, uniq_natasha
D:5:      layout_rooms, mainiacjoe_overflow_alcove_1,
          lemuel_coloured_pillars_altar, kennysheep_another_room,
          kennysheep_nondescript
D:6:      layout_rooms, nicolae_dithmenos_the_darkroom, kennysheep_mini_moat,
          elyvilon_altar_1, serial_shops, shop, enter_ossuary_5,
          nicolae_take_the_stairs
Temple:   nicolae_temple_stand_before_the_council

Skill      XL: |  1  2  3  4  5  6  7 |
---------------+----------------------+-----
Stealth        | 2 |  2.2
Earth Magic    | 3 4 |  4.4
Dodging        | 2 |  2.2
Fighting       | 1 2 |  2.8
Ranged Weapons | 1 2 3 |  3.7
Armour         | 1 |  1.9
Spellcasting   | 3 4 |  4.4
Shields        | |  0.1
Transmutations | |  0.8

Action                   |  1- 3 |  4- 6 |  7- 9 || total
-------------------------+-------+-------+-------++-------
Melee: Unarmed           |     2 |       |       ||     2
 Fire: Sling             |    40 |    88 |    37 ||   165
 Cast: Sandblast         |    31 |    52 |    44 ||   127
  Use: Potion            |     1 |       |       ||     1
       Scroll            |       |     4 |     1 ||     5
Armor: Robe              |     3 |       |       ||     3
       Ring mail         |    12 |    22 |    17 ||    51
Dodge: Dodged            |    31 |    30 |    25 ||    86
Block: Other             |       |     2 |    12 ||    14
       Reflection        |       |     1 |       ||     1
